| TOP OF THE 1ST |
|
Jackson Generals batting - Pitching for Arkansas Travelers : RHP Chris Russell
|
|
Pitching: RHP Chris Russell
|
|
|
Batting: RHB Tomokazu Sugimoto
|
0-0: Called Strike 0-1: Ball 1-1: Ball 2-1: Foul Ball, location: 2F 2-2: Ball 3-2: Base on Balls
|
|
Batting: RHB Ryan Criollo
|
0-0: Ball 1-0: Swinging Strike 1-1: Ball 2-1: Swinging Strike 2-2: Grounds into double play, 4-6-3 (Groundball, 4, EV 81.2 MPH)
|
|
Batting: RHB Julian Gregory
|
0-0: Ball 1-0: Foul Ball, location: 2F 1-1: Foul Ball, location: 2F 1-2: Strikes out swinging
|
| Top of the 1st over - 0 runs, 0 hits, 0 errors, 0 left on base; Jackson 0 - Arkansas 0 |
| BOTTOM OF THE 1ST |
|
Arkansas Travelers batting - Pitching for Jackson Generals : RHP Devon Washington
|
|
Pitching: RHP Devon Washington
|
|
|
Batting: RHB Jose Ramirez
|
0-0: Ball 1-0: Foul Ball, location: 2F 1-1: Ball 2-1: Ball 3-1: Foul Ball, location: 2LF, Error on foul ball, E2 3-2: SINGLE (Groundball, 6MD, EV 111.2 MPH)
|
|
Batting: RHB Juan Montez
|
0-0: Ball 1-0: Called Strike 1-1: Ball 2-1: Called Strike Jose Ramirez steals 2nd base 2-2: Ground out U3 (Groundball, 3S, EV 80.0 MPH) Jose Ramirez to third
|
|
Batting: LHB Mark Reeg
|
0-0: Ball 1-0: Foul Ball, location: 2F 1-1: Ball 2-1: Hit by Pitch
|
|
Batting: LHB Griffin Ferris
|
0-0: Ball 1-0: Grounds into double play, 6-4-3 (Groundball, 6, EV 93.1 MPH)
|
| Bottom of the 1st over - 0 runs, 1 hit, 1 error, 1 left on base; Jackson 0 - Arkansas 0 |
| TOP OF THE 2ND |
|
Jackson Generals batting - Pitching for Arkansas Travelers : RHP Chris Russell
|
|
Batting: RHB Mike Conaway
|
0-0: Foul Ball, location: 2F 0-1: Called Strike 0-2: Fly out, F8 (Line Drive, 8RD, EV 90.0 MPH)
|
|
Batting: RHB Hideo Okimura
|
0-0: Called Strike 0-1: Foul Ball, location: 2F 0-2: Foul Ball, location: 2F 0-2: Ball 1-2: Strikes out swinging
|
|
Batting: RHB Adan Lake
|
0-0: Ball 1-0: Swinging Strike 1-1: Ball 2-1: Foul Ball, location: 2F 2-2: Fly out, F9 (Flyball, 9D, EV 97.5 MPH)
|
| Top of the 2nd over - 0 runs, 0 hits, 0 errors, 0 left on base; Jackson 0 - Arkansas 0 |
| BOTTOM OF THE 2ND |
|
Arkansas Travelers batting - Pitching for Jackson Generals : RHP Devon Washington
|
|
Batting: RHB Juan Martinez
|
0-0: Ball 1-0: Ball 2-0: Ball 3-0: Base on Balls
|
|
Batting: LHB Justin Balthazor
|
0-0: Ball 1-0: Fly out, F8 (Flyball, 89M, EV 90.0 MPH)
|
|
Batting: RHB Ryuji Ito
|
0-0: Ball 1-0: Foul Ball, location: 2F 1-1: Called Strike 1-2: Ball 2-2: Fly out, F7 (Flyball, 7, EV 85.6 MPH)
|
|
Batting: RHB Kinya Nishimura
|
0-0: Ball Juan Martinez is caught stealing 2nd base 2-4
|
| Bottom of the 2nd over - 0 runs, 0 hits, 0 errors, 0 left on base; Jackson 0 - Arkansas 0 |
| TOP OF THE 3RD |
|
Jackson Generals batting - Pitching for Arkansas Travelers : RHP Chris Russell
|
|
Batting: LHB Brent Dutcher
|
0-0: Ground out 1-3 (Groundball, 13S, EV 70.6 MPH)
|
|
Batting: RHB Victor Rosas
|
0-0: Ball 1-0: DOUBLE (Line Drive, 7LS, EV 111.9 MPH)
|
|
Batting: RHB Egidius Kruger
|
0-0: Hit by Pitch
|
|
Batting: RHB Tomokazu Sugimoto
|
0-0: Called Strike 0-1: DOUBLE (Line Drive, 78M, EV 106.2 MPH) Victor Rosas scores Egidius Kruger to third
|
|
Batting: RHB Ryan Criollo
|
0-0: Called Strike 0-1: Ball 1-1: Ball 2-1: Ground out 5-3 (Groundball, 56, EV 85.6 MPH) Egidius Kruger scores
|
|
Batting: RHB Julian Gregory
|
0-0: Ball 1-0: Foul Ball, location: 2F 1-1: Fly out, F7 (Flyball, 78S, EV 88.8 MPH)
|
| Top of the 3rd over - 2 runs, 2 hits, 0 errors, 1 left on base; Jackson 2 - Arkansas 0 |
| BOTTOM OF THE 3RD |
|
Arkansas Travelers batting - Pitching for Jackson Generals : RHP Devon Washington
|
|
Batting: RHB Kinya Nishimura
|
0-0: Foul Ball, location: 2F 0-1: Ball 1-1: Ball 2-1: Fly out, F5 (Popup, 5SF, EV 85.6 MPH)
|
|
Batting: LHB Larry Prey
|
0-0: Ball 1-0: Called Strike 1-1: Foul Ball, location: 2F 1-2: Strikes out swinging
|
|
Batting: RHB Jose Ramirez
|
0-0: Fly out, F9 (Flyball, 9LM, EV 88.1 MPH)
|
| Bottom of the 3rd over - 0 runs, 0 hits, 0 errors, 0 left on base; Jackson 2 - Arkansas 0 |
| TOP OF THE 4TH |
|
Jackson Generals batting - Pitching for Arkansas Travelers : RHP Chris Russell
|
|
Batting: RHB Mike Conaway
|
0-0: Called Strike 0-1: DOUBLE (Groundball, 5L, EV 101.9 MPH)
|
|
Batting: RHB Hideo Okimura
|
0-0: Ball 1-0: Foul Ball, location: 2F 1-1: DOUBLE (Flyball, 89XD, EV 96.2 MPH) Mike Conaway scores
|
|
Batting: RHB Adan Lake
|
0-0: Swinging Strike 0-1: Ball 1-1: Ball 2-1: Ball 3-1: SINGLE (Groundball, 34D, EV 101.9 MPH) Hideo Okimura to third Runner from 3rd tries for Home, SAFE, throw by RF to home
|
|
Batting: LHB Brent Dutcher
|
0-0: Ball 1-0: Foul Ball, location: 2F 1-1: Ball 2-1: Called Strike 2-2: Strikes out swinging
|
|
Batting: RHB Victor Rosas
|
0-0: Ball 1-0: Foul Ball, location: 2F 1-1: Foul Ball, location: 2F 1-2: Ball 2-2: Foul Ball, location: 2F 2-2: Strikes out swinging
|
|
Batting: RHB Egidius Kruger
|
0-0: Foul Ball, location: 2F 0-1: Ball 1-1: Called Strike 1-2: Ground out 2-3 (Groundball, 13S, EV 66.9 MPH)
|
| Top of the 4th over - 2 runs, 3 hits, 0 errors, 1 left on base; Jackson 4 - Arkansas 0 |
| BOTTOM OF THE 4TH |
|
Arkansas Travelers batting - Pitching for Jackson Generals : RHP Devon Washington
|
|
Batting: RHB Juan Montez
|
0-0: Called Strike 0-1: Ball 1-1: Fly out, F8 (Flyball, 8RXD, EV 109.4 MPH)
|
|
Batting: LHB Mark Reeg
|
0-0: Ball 1-0: Ball 2-0: Called Strike 2-1: Foul Ball, location: 2F 2-2: Foul Ball, location: 2F 2-2: Foul Ball, location: 2F 2-2: Foul Ball, location: 2F 2-2: Ball 3-2: Ground out U3 (Groundball, 3, EV 105.6 MPH)
|
|
Batting: LHB Griffin Ferris
|
0-0: Ball 1-0: Fly out, F8 (Flyball, 8RD, EV 101.2 MPH)
|
| Bottom of the 4th over - 0 runs, 0 hits, 0 errors, 0 left on base; Jackson 4 - Arkansas 0 |
| TOP OF THE 5TH |
|
Jackson Generals batting - Pitching for Arkansas Travelers : RHP Chris Russell
|
|
Batting: RHB Tomokazu Sugimoto
|
0-0: Swinging Strike 0-1: Foul Ball, location: 2F 0-2: Ball 1-2: Fly out, F7 (Flyball, 7, EV 79.4 MPH)
|
|
Batting: RHB Ryan Criollo
|
0-0: Foul Ball, location: 2F 0-1: Foul Ball, location: 2F 0-2: Ball 1-2: Ground out 5-3 (Groundball, 56, EV 85.6 MPH)
|
|
Batting: RHB Julian Gregory
|
0-0: Called Strike 0-1: Ball 1-1: SINGLE (Flyball, 56D, EV 82.5 MPH)
|
|
Batting: RHB Mike Conaway
|
0-0: Ball 1-0: Called Strike 1-1: Ground out 4-3 (Groundball, 4, EV 99.4 MPH)
|
| Top of the 5th over - 0 runs, 1 hit, 0 errors, 1 left on base; Jackson 4 - Arkansas 0 |
| BOTTOM OF THE 5TH |
|
Arkansas Travelers batting - Pitching for Jackson Generals : RHP Devon Washington
|
|
Batting: RHB Juan Martinez
|
0-0: Fly out, F9 (Flyball, 9LM, EV 85.0 MPH)
|
|
Batting: LHB Justin Balthazor
|
0-0: Called Strike 0-1: Foul Ball, location: 2F 0-2: Ball 1-2: SINGLE (Groundball, 6MD, EV 99.4 MPH)
|
|
Batting: RHB Ryuji Ito
|
0-0: Foul Ball, location: 2F 0-1: Foul Ball, location: 2F 0-2: Foul Ball, location: 2F 0-2: SINGLE (Groundball, P, EV 90.0 MPH) (infield hit) Justin Balthazor to second
|
|
Batting: RHB Kinya Nishimura
|
0-0: Called Strike 0-1: Swinging Strike 0-2: Ball 1-2: Strikes out looking
|
|
Batting: LHB Larry Prey
|
0-0: Ball 1-0: Reached on error, E1 (Groundball, 15S, EV 60.6 MPH) Justin Balthazor scores Ryuji Ito to third
|
|
Batting: RHB Jose Ramirez
|
0-0: SINGLE (Groundball, 34D, EV 98.8 MPH) Ryuji Ito scores Larry Prey to third Runner from 3rd tries for Home, SAFE, throw by RF to home
|
|
Batting: RHB Juan Montez
|
0-0: Called Strike Jose Ramirez steals 2nd base 0-1: Foul Ball, location: 2F 0-2: Foul Ball, location: 2F 0-2: Ball 1-2: Foul Ball, location: 2F 1-2: Ground out 5-3 (Groundball, 56S, EV 91.2 MPH)
|
| Bottom of the 5th over - 3 runs, 3 hits, 1 error, 1 left on base; Jackson 4 - Arkansas 3 |
| TOP OF THE 6TH |
|
Jackson Generals batting - Pitching for Arkansas Travelers : RHP Chris Russell
|
|
Batting: RHB Hideo Okimura
|
0-0: Ball 1-0: Called Strike 1-1: SINGLE (Groundball, 56D, EV 100.0 MPH)
|
|
Batting: RHB Adan Lake
|
0-0: Called Strike 0-1: Ball 1-1: Foul Ball, location: 2F 1-2: Strikes out swinging
|
|
Batting: LHB Brent Dutcher
|
0-0: Ball 1-0: Ball 2-0: Foul Ball, location: 2F 2-1: Swinging Strike 2-2: SINGLE (Line Drive, 7S, EV 112.5 MPH) Hideo Okimura to second
|
|
Batting: RHB Victor Rosas
|
0-0: Foul Ball, location: 2F 0-1: Ball 1-1: Foul Ball, location: 2F 1-2: Fielders Choice at 2nd, 6-4 (Groundball, 6, EV 86.9 MPH) Hideo Okimura to third
|
|
Pitching: RHP Tyler Keenan
|
|
|
Batting: RHB Egidius Kruger
|
0-0: Called Strike 0-1: Ball 1-1: Fly out, F9 (Flyball, 89S, EV 91.2 MPH)
|
| Top of the 6th over - 0 runs, 2 hits, 0 errors, 2 left on base; Jackson 4 - Arkansas 3 |
| BOTTOM OF THE 6TH |
|
Arkansas Travelers batting - Pitching for Jackson Generals : RHP Devon Washington
|
|
Batting: LHB Mark Reeg
|
0-0: Called Strike 0-1: Called Strike 0-2: Ground out 4-3 (Groundball, 34D, EV 80.6 MPH)
|
|
Batting: LHB Griffin Ferris
|
0-0: Called Strike 0-1: Called Strike 0-2: Ball 1-2: Ground out 3-1 (Groundball, 34, EV 80.0 MPH)
|
|
Batting: RHB Juan Martinez
|
0-0: Ground out 6-3 (Groundball, 6, EV 85.0 MPH)
|
| Bottom of the 6th over - 0 runs, 0 hits, 0 errors, 0 left on base; Jackson 4 - Arkansas 3 |
| TOP OF THE 7TH |
|
Jackson Generals batting - Pitching for Arkansas Travelers : RHP Tyler Keenan
|
|
Pitching: RHP Shane Woods
|
|
|
Batting: RHB Tomokazu Sugimoto
|
0-0: Ball 1-0: TRIPLE (Line Drive, 78XD, EV 101.9 MPH)
|
|
Batting: RHB Ryan Criollo
|
0-0: SINGLE (Groundball, 56, EV 96.9 MPH) Tomokazu Sugimoto scores
|
|
Batting: RHB Julian Gregory
|
0-0: Called Strike Ryan Criollo steals 2nd base 0-1: Ball 1-1: Foul Ball, location: 2F 1-2: Strikes out swinging
|
|
Batting: RHB Mike Conaway
|
0-0: Foul Ball, location: 2F 0-1: Ball 1-1: Foul Ball, location: 2F 1-2: SINGLE (Groundball, 34S, EV 88.1 MPH) (infield hit) Ryan Criollo to third
|
|
Batting: RHB Hideo Okimura
|
0-0: Called Strike 0-1: Ball Mike Conaway steals 2nd base (no throw) 1-1: Ball 2-1: Called Strike 2-2: Fly out, F8 (Flyball, 8RM, EV 85.6 MPH)
|
|
Batting: RHB Adan Lake
|
0-0: Foul Ball, location: 2F 0-1: Ball 1-1: Foul Ball, location: 2F 1-2: Strikes out swinging
|
| Top of the 7th over - 1 run, 3 hits, 0 errors, 2 left on base; Jackson 5 - Arkansas 3 |
| BOTTOM OF THE 7TH |
|
Arkansas Travelers batting - Pitching for Jackson Generals : RHP Devon Washington
|
|
Batting: LHB Justin Balthazor
|
0-0: Ground out U3 (Groundball, 3L, EV 91.2 MPH)
|
|
Batting: RHB Ryuji Ito
|
0-0: Ball 1-0: Called Strike 1-1: Ball 2-1: Ball 3-1: Called Strike 3-2: Base on Balls
|
|
Pitching: RHP Raul Lopez
|
|
|
Batting: RHB Kinya Nishimura
|
0-0: Foul Ball, location: 2F 0-1: Ball 1-1: Ball Ryuji Ito is caught stealing 2nd base 2-4 2-1: Ball 3-1: Base on Balls
|
|
Batting: LHB Larry Prey
|
0-0: Ball 1-0: Ball 2-0: Ball 3-0: Called Strike 3-1: Foul Ball, location: 2F 3-2: Foul Ball, location: 2F 3-2: Foul Ball, location: 2F 3-2: Base on Balls Kinya Nishimura to second
|
|
Pinch Hitting: SHB Mario Padron
|
0-0: Ball 1-0: Ball 2-0: Fielders Choice at 2nd, 6-4 (Groundball, 6, EV 78.1 MPH)
|
| Bottom of the 7th over - 0 runs, 0 hits, 0 errors, 2 left on base; Jackson 5 - Arkansas 3 |
| TOP OF THE 8TH |
|
Jackson Generals batting - Pitching for Arkansas Travelers : RHP Shane Woods
|
|
Pitching: LHP Jose Rivera
|
|
|
Now at 2B: Ryan Pelletier
|
|
|
Pinch Hitting: RHB Ching-hsia Zhang
|
0-0: Called Strike 0-1: Swinging Strike 0-2: Ground out 4-3 (Groundball, 4, EV 88.8 MPH)
|
|
Pitching: LHP Bryan Payne
|
|
|
Batting: RHB Victor Rosas
|
0-0: Ball 1-0: Called Strike 1-1: Fly out, F7 (Flyball, 7, EV 79.4 MPH)
|
|
Batting: RHB Egidius Kruger
|
0-0: Called Strike 0-1: Ball 1-1: Ball 2-1: Foul Ball, location: 2F 2-2: Foul Ball, location: 2F 2-2: Ground out 6-3 (Groundball, 56, EV 101.2 MPH)
|
| Top of the 8th over - 0 runs, 0 hits, 0 errors, 0 left on base; Jackson 5 - Arkansas 3 |
| BOTTOM OF THE 8TH |
|
Arkansas Travelers batting - Pitching for Jackson Generals : RHP Raul Lopez
|
|
Pitching: RHP Bill Porter
|
|
|
Now at 2B: Ching-hsia Zhang
|
|
|
Batting: RHB Juan Montez
|
0-0: Called Strike 0-1: Fly out, F5 (Popup, 5F, EV 61.2 MPH)
|
|
Batting: LHB Mark Reeg
|
0-0: Ball 1-0: Called Strike 1-1: Ground out 1-3 (Groundball, P, EV 71.2 MPH)
|
|
Batting: LHB Griffin Ferris
|
0-0: SINGLE (Line Drive, 9S, EV 98.8 MPH)
|
|
Batting: RHB Juan Martinez
|
0-0: Ball 1-0: Ball 2-0: Called Strike 2-1: Swinging Strike 2-2: Foul Ball, location: 2F 2-2: Hit by Pitch Griffin Ferris to second
|
|
Pinch Runner at 2nd Barrfhionn O'Toole:
|
|
|
Batting: LHB Justin Balthazor
|
0-0: Ball 1-0: Called Strike 1-1: Ball 2-1: Swinging Strike 2-2: SINGLE (Groundball, 34D, EV 104.4 MPH) Barrfhionn O'Toole to third Juan Martinez to second Runner from 3rd tries for Home, SAFE, throw by RF to home
|
|
Batting: RHB Ryuji Ito
|
0-0: Called Strike 0-1: Swinging Strike 0-2: Ball 1-2: Ball 2-2: Ball 3-2: Strikes out swinging
|
| Bottom of the 8th over - 1 run, 2 hits, 0 errors, 2 left on base; Jackson 5 - Arkansas 4 |
| TOP OF THE 9TH |
|
Jackson Generals batting - Pitching for Arkansas Travelers : LHP Bryan Payne
|
|
Now in CF: Barrfhionn O'Toole
|
|
|
Now in RF: Juan Martinez
|
|
|
Batting: RHB Tomokazu Sugimoto
|
0-0: Ball 1-0: Called Strike 1-1: Swinging Strike 1-2: Ball 2-2: Ball 3-2: Base on Balls
|
|
Batting: RHB Ryan Criollo
|
0-0: Ball 1-0: Fly out, F7 (Flyball, 7, EV 80.6 MPH)
|
|
Batting: RHB Julian Gregory
|
0-0: Ball 1-0: Fly out, F9 (Flyball, 9D, EV 91.2 MPH)
|
|
Batting: RHB Mike Conaway
|
0-0: Ball 1-0: Foul Ball, location: 2F 1-1: SINGLE (Flyball, 4MD, EV 84.4 MPH) Tomokazu Sugimoto to second
|
|
Batting: RHB Hideo Okimura
|
0-0: Ball 1-0: Foul Ball, location: 2F 1-1: Swinging Strike 1-2: Ball 2-2: Strikes out looking
|
| Top of the 9th over - 0 runs, 1 hit, 0 errors, 2 left on base; Jackson 5 - Arkansas 4 |
| BOTTOM OF THE 9TH |
|
Arkansas Travelers batting - Pitching for Jackson Generals : RHP Bill Porter
|
|
Pitching: LHP Ben Burton
|
|
|
Now at 1B: Mario Cardona
|
|
|
Now in LF: Ryan Criollo
|
|
|
Now in CF: Brendan Bundy
|
|
|
Now in RF: Julian Gregory
|
|
|
Batting: RHB Kinya Nishimura
|
0-0: Foul Ball, location: 2F 0-1: Ball 1-1: Called Strike 1-2: Foul Ball, location: 2F 1-2: Ground out 6-3 (Groundball, 56S, EV 86.2 MPH)
|
|
Pinch Hitting: RHB Timoleon Tsikouna
|
0-0: Called Strike 0-1: Ball 1-1: Called Strike 1-2: Strikes out swinging
|
|
Batting: RHB Ryan Pelletier
|
0-0: Called Strike 0-1: Ball 1-1: Ground out 4-3 (Groundball, 34S, EV 90.6 MPH)
|
| Bottom of the 9th over - 0 runs, 0 hits, 0 errors, 0 left on base; Jackson 5 - Arkansas 4 |
|